 Dungeon Crawl Stone Soup version 0.26-a0-597-gb535b0901c (webtiles) character file.

Game seed: 15171038322114623864

73 graki42 the Firebug (level 4, -3/24 HPs)
             Began as a Deep Elf Fire Elementalist on Sept 3, 2020.
             Slain by a gnoll
             ... wielding a +0 club
              (8 damage)
             ... on level 3 of the Dungeon.
             The game lasted 00:04:21 (1829 turns).

graki42 the Firebug (Deep Elf Fire Elementalist)    Turns: 1829, Time: 00:04:23

Health: -3/24      AC:  3    Str:  6    XL:     4   Next: 8%
Magic:  4/12       EV: 14    Int: 20    God:
Gold:   122        SH:  0    Dex: 21    Spells: 4/11 levels left

rFire    . . .     SeeInvis .   r - +0 dagger
rCold    . . .     Faith    .   (no shield)
rNeg     . . .     Spirit   .   a - +0 robe
rPois    .         Reflect  .   (no helmet)
rElec    .         Harm     .   (no cloak)
rCorr    .                      (no gloves)
MR       .....                  d - +0 pair of boots
Stlth    +++.......             (no amulet)
HPRegen  0.08/turn              k - ring of flight
MPRegen  0.13/turn              o - +6 ring of dexterity

@: no status effects
A: no striking features
a: Evoke Flight


You were on level 3 of the Dungeon.
You visited 1 branch of the dungeon, and saw 3 of its levels.

You collected 122 gold pieces.

Inventory:

Hand Weapons
 r - a +0 dagger (weapon)
Armour
 a - a +0 robe (worn)
 d - a +0 pair of boots (worn)
Jewellery
 k - a ring of flight (left hand)
 o - a +6 ring of dexterity (right hand)
Wands
 l - a wand of flame (17)
Scrolls
 c - 2 scrolls of teleportation {unknown}
 f - 3 scrolls of identify {unknown}
 g - a scroll of noise {unknown}
 i - 4 scrolls of remove curse {unknown}
 j - a scroll of immolation {unknown}
 q - a scroll of enchant armour {unknown}
Potions
 b - a potion of haste {unknown}
 e - a potion of degeneration {unknown}
 h - a potion of might {unknown}
 m - 2 potions of heal wounds {unknown}
 n - 2 potions of flight {unknown}
 p - a potion of cancellation {unknown}


   Skills:
 + Level 2.7 Dodging
 + Level 2.6 Stealth
 + Level 4.0 Spellcasting
 + Level 1.7 Conjurations
 + Level 4.4 Fire Magic


You had 4 spell levels left.
You knew the following spells:

 Your Spells              Type           Power        Failure   Level
a - Foxfire               Conj/Fire      ###.         3%          1
b - Conjure Flame         Conj/Fire      ###.....     11%         3
c - Inner Flame           Hex/Fire       ##......     16%         3

Your spell library contained the following spells:

 Spells                   Type           Power        Failure   Level
 Sticky Flame             Conj/Fire      ###.....     34%         4
 Fireball                 Conj/Fire      ###.......   69%         5


Dungeon Overview and Level Annotations

Branches:
Dungeon (3/15)

Altars:

Annotations:
D:3 Terence


Message History

You conjure some foxfire!
The foxfire hits the gnoll.
The gnoll is heavily wounded.
The foxfire hits the kobold.
The kobold is severely wounded.
Terence looks scornfully at you. The gnoll completely misses you.
Your magical contamination has completely faded away.
Casting: Foxfire (safe; 3% risk of failure)
Confirm with . or Enter, or press ? or * to list all spells.
You conjure some foxfire!
The gnoll hits you with a +0 club!
* * * LOW HITPOINT WARNING * * *
Unknown command.
The foxfire hits the kobold.
You kill the kobold!
The foxfire hits the gnoll but does no damage.
The gnoll is heavily wounded.
The foxfire hits the gnoll.
The gnoll is almost dead.
The gnoll barely misses you. The gnoll hits you with a +0 club!
You die...

#............
#.#....()....
#.#...####...
#.##### #...
#.# #.#. #.#
#.##
############.#
#.#
#.....§§§....#
##.#
#......@######
#..# #....gg.#
#.## ......†@#
#.# #........
#<# #.......#
#.# ........#
#.# ....###.#
#.# .... #.#
#.# #.#


You could see Terence and 2 gnolls.

Vanquished Creatures
  An adder (D:2)
  A gnoll (D:3)
  A worm (D:2)
  A dart slug (D:2)
  3 leopard geckos
  A ball python (D:2)
  4 bats
  A giant cockroach (D:1)
  4 hobgoblins
  4 jackals (D:2)
  2 quokkas (D:2)
  4 frilled lizards (D:2)
  5 goblins
  6 kobolds
  5 rats
43 creatures vanquished.

Vanquished Creatures (others)
  111 foxfires
111 creatures vanquished.

Grand Total: 154 creatures vanquished

Notes
Turn   | Place    | Note
-------+----------+-------------------------------------------
     0 | D:1      | graki42 the Deep Elf Fire Elementalist began the quest for
                  | the Orb.
     0 | D:1      | Reached XP level 1. HP: 10/10 MP: 6/6
   412 | D:1      | Reached XP level 2. HP: 15/15 MP: 6/8
  1102 | D:2      | Reached XP level 3. HP: 19/19 MP: 7/10
  1165 | D:2      | Learned a level 3 spell: Conjure Flame
  1169 | D:2      | Learned a level 3 spell: Inner Flame
  1821 | D:3      | Noticed Terence
  1825 | D:3      | Reached XP level 4. HP: 14/24 MP: 6/12
  1829 | D:3      | Slain by a gnoll

Illustrated notes

Levels and vault maps discovered:
D:1:      dpeg_arrival_fog, layout_basic
D:2:      layout_rooms, st_stairs_6
D:3:      layout_loops_ring, uniq_terence

Skill      XL: |  1  2  3 |
---------------+----------+-----
Fire Magic     | 4 |  4.4
Spellcasting   | 4 |  4.0
Dodging        | |  2.7
Stealth        | |  2.6
Conjurations   | |  1.7

Action                   |  1- 3 |  4- 6 || total
-------------------------+-------+-------++-------
Melee: Unarmed           |     2 |       ||     2
 Cast: Foxfire           |    61 |     3 ||    64
 Stab: Sleeping          |     1 |       ||     1
Armor: Robe              |     2 |       ||     2
Dodge: Dodged            |    16 |     2 ||    18

Table legend: (Time is in decaauts)
 A = Elapsed time spent in this place.
 B = Non-inter-level travel time spent in this place.
 C = Inter-level travel time spent in this place.
 D = Time resting spent in this place.
 E = Time spent auto-exploring this place.
 F = Levels seen in this place.
 G = Mean time per level.
                   A        B        C        D        E       F      G
               +--------+--------+--------+--------+--------+-----+--------+
         Total |   1826 |   1767 |     59 |      0 |   1563 |   3 |  608.7 |
       Dungeon |   1826 |   1767 |     59 |      0 |   1563 |   3 |  608.7 |
               +--------+--------+--------+--------+--------+-----+--------+

Top non-repeatable levels by time:
     D:1: 1098 daAuts
     D:2: 645 daAuts
     D:3: 83 daAuts
